Map: Heavy Artillery LE

Players

Massa - Winner!

  • Race: Terran Terran
  • League: Gold
  • Spawn Location: 1:00

qqq - Winner!

  • Race: Protoss Protoss
  • League: Platinum
  • Spawn Location: 3:00

Baleine

  • Race: Zerg Zerg
  • Spawn Location: 7:00

Marchombr

  • Race: Protoss Protoss
  • Spawn Location: 7:00

VOD

Have the link to the VOD?

Description

Time

  • Played on: June 6, 2020, 5:40 a.m.
  • Length: 12:52
Show
View Real Time Build Order
Export as new Build Order

Massa Terran - Winner!

Build Orders:  

Get SALT Encoding   

  12  0:09  Supply Depot  
  12  0:13  SCV  
  13  0:25  SCV  
  14  0:37  SCV  
  15  0:49  SCV  
  16  1:01  SCV  
  17  1:14  SCV  
  18  1:26  SCV  
  18  1:30  Refinery  
  19  1:37  Barracks x2  
  19  1:38  SCV  
  20  1:44  Supply Depot  
  20  1:50  SCV  
  21  2:03  SCV  
  21  2:05  Barracks  
  22  2:15  SCV  
  23  2:18  Command Center  
  23  2:24  Marine  
  23  2:27  SCV  
  25  2:30  Marine  
  26  2:40  SCV  
  26  2:41  Marine  
  28  2:47  Marine  
  28  2:49  Supply Depot  
  29  2:54  Marine  
  30  2:59  Marine  
  31  3:10  SCV, Marine  
  31  3:12  Marine  
  34  3:17  Marine  
  34  3:23  Factory  
  34  3:28  Marine  
  34  3:30  SCV, Marine  
  37  3:35  Marine  
  38  3:42  SCV  
  38  3:46  Marine  
  38  3:48  Marine  
  41  3:53  Marine  
  42  4:04  Marine  
  42  4:05  Marine  
  42  4:10  Marine  
  37  4:21  Marine  
  37  4:22  Factory Tech Lab  
  37  4:23  Marine  
  36  4:25  Factory Reactor  
  36  4:28  Marine  
  36  4:30  Factory  
  37  4:32  SCV x2  
  39  4:39  Marine  
  39  4:41  Marine  
  39  4:44  SCV x2  
  43  4:46  Marine  
  38  4:56  SCV x2  
  38  4:57  Marine  
  38  4:59  Marine  
  42  5:04  Marine  
  39  5:08  SCV x2, Hellion  
  42  5:15  Marine  
  42  5:17  Hellion, Marine  
  44  5:22  Marine  
  43  5:33  Marine  
  43  5:34  Marine  
  45  5:38  Hellion  
  45  5:40  Marine  
  48  5:50  Marine  
  48  5:52  Marine  
  50  5:57  Marine  
  50  6:00  Hellion  
  51  6:08  Marine  
  51  6:10  Marine  
  49  6:15  Marine  
  49  6:17  Factory Reactor  
  50  6:21  Hellion  
  52  6:26  SCV  
  52  6:27  SCV  
  52  6:31  Refinery  
  54  6:34  Refinery  
  54  6:38  Command Center  
  54  6:43  Barracks  
  54  6:44  Factory  
  54  6:46  Barracks  
  54  6:57  Barracks  
  54  7:00  Factory Tech Lab  
  54  7:12  SCV  
  54  7:15  SCV  
  54  7:40  Supply Depot x2  
  54  7:42  Supply Depot  
  54  7:45  Marine x2  
  54  7:46  SCV x2, Marine  
  54  7:48  Hellion  
  54  7:50  Hellion  
  47  7:59  SCV x2  
  47  8:03  Marine x3  
  47  8:04  Siege Tank  
  47  8:05  Supply Depot  
  55  8:06  Supply Depot  
  55  8:07  Supply Depot  
  55  8:09  Bunker  
  55  8:10  Hellion  
  55  8:11  SCV x2, Hellion  
  60  8:21  Marine  
  61  8:30  SCV, Supply Depot  
  61  8:31  SCV, Hellion, Supply Depot  
  61  8:32  Supply Depot  
  61  8:33  Orbital Command, Hellion  
  67  8:36  Siege Tank  
  67  8:37  Refinery, Factory Tech Lab  
  67  8:39  Barracks Reactor, Barracks Tech Lab  
  70  8:43  SCV x2  
  72  8:52  Hellion  
  72  8:55  SCV x2, Supply Depot  
  76  9:06  Barracks Reactor x2  
  76  9:07  SCV x2, Barracks Tech Lab  
  80  9:10  Hellion  
  80  9:14  Widow Mine  
  82  9:19  SCV x2  
  86  9:31  Widow Mine  
  86  9:35  Widow Mine, Engineering Bay  
  86  9:38  Armory  
  82  9:45  Marauder, Marine x4  
  81  9:52  Widow Mine  
  81  9:55  Infernal Pre-Igniter  
  81  10:02  Marine  
  81  10:04  Marine x3  
  81  10:06  Marauder  
  87  10:10  Siege Tank  
  90  10:20  Marine  
  91  10:21  Marine  
  91  10:22  Marine x2  
  91  10:26  Marauder  
  91  10:27  Marine  
  91  10:28  Marauder, Marine  
  100  10:33  Stimpack  
  100  10:36  Terran Infantry Weapons Level 1  
  100  10:37  Terran Vehicle Weapons Level 1  
  100  10:38  Marine  
  100  10:39  Marine x2  
  100  10:40  Marine  
  100  10:42  Siege Tank  
  107  10:45  Marine x2  
  107  10:48  Marauder  
  107  10:49  Marauder  
  113  10:56  Marine  
  114  10:57  Marine x3  
  114  11:03  Marine x2  
  114  11:04  Command Center  
  119  11:09  Marauder  
  119  11:10  Marauder  
  120  11:14  Marine  
  120  11:15  Marine x3  
  124  11:21  Marine x2  
  126  11:31  Marauder  
  126  11:32  Marauder  
  125  11:52  Marauder  
  91  12:03  Marauder  
  91  12:04  Marine x2  
  91  12:05  Marine x4  
  91  12:08  Thor  
  97  12:12  Hellion x2  
  97  12:13  Marauder  
  97  12:15  SCV x3  
  110  12:18  SCV  
  110  12:22  Marine x6  
  114  12:24  Marauder  
  114  12:27  SCV  
  114  12:28  SCV  
  129  12:39  SCV  
Show
View Real Time Build Order
Export as new Build Order

qqq Protoss - Winner!

Build Orders:  

Get SALT Encoding   

  12  0:03  Probe  
  13  0:13  Pylon  
  13  0:19  Probe  
  14  0:33  Forge  
  14  0:37  Probe  
  15  0:49  Probe  
  16  1:25  Pylon  
  16  1:27  Pylon  
  16  1:30  Pylon  
  16  1:43  Photon Cannon  
  16  1:51  Photon Cannon  
  16  2:01  Pylon  
  16  2:02  Pylon  
  16  2:07  Pylon  
  16  2:20  Photon Cannon  
  15  2:25  Photon Cannon  
  14  2:40  Gateway  
  14  2:41  Probe  
  15  2:47  Assimilator  
  15  2:53  Probe  
  16  3:06  Probe  
  16  3:07  Photon Cannon  
  16  3:10  Photon Cannon  
  17  3:20  Photon Cannon  
  17  3:39  Cybernetics Core  
  17  3:54  Photon Cannon  
  17  4:11  Photon Cannon  
  17  4:23  Photon Cannon  
  17  4:30  Stalker  
  18  4:37  Probe  
  19  4:42  Assimilator  
  19  4:49  Probe  
  20  4:59  Stargate  
  20  5:00  Zealot  
  20  5:01  Probe  
  23  5:21  Pylon  
  23  5:25  Pylon  
  23  5:39  Probe  
  24  5:43  Void Ray  
  28  5:51  Probe  
  29  6:03  Probe  
  30  6:25  Void Ray, Stalker  
  36  6:34  Pylon  
  36  6:38  Pylon  
  36  6:40  Pylon  
  34  6:56  Stalker  
  36  7:08  Void Ray  
  38  7:42  Nexus  
  36  7:58  Void Ray (Chrono Boost)  
  38  8:34  Void Ray  
  34  8:56  Probe, Fleet Beacon  
  34  9:08  Probe  
  35  9:14  Void Ray (Chrono Boost)  
  35  9:17  Assimilator  
  35  9:19  Assimilator  
  35  9:21  Probe  
  40  9:24  Stalker  
  42  9:33  Probe  
  43  9:45  Probe  
  40  9:49  Pylon  
  40  9:56  Carrier (Chrono Boost)  
  40  9:57  Probe  
  47  10:09  Probe  
  48  10:20  Flux Vanes  
  48  10:21  Probe  
  49  10:32  Shield Battery, Protoss Air Weapons Level 1  
  49  10:33  Probe  
  50  10:45  Probe  
  51  10:57  Probe  
  52  11:09  Probe  
  53  11:24  Tempest (Chrono Boost)  
  53  11:30  Probe  
  59  11:42  Probe  
  60  11:55  Probe  
  67  12:07  Probe  
  72  12:10  Stargate  
  62  12:20  Probe (Chrono Boost)  
  65  12:39  Probe (Chrono Boost), Stargate  
Show
View Real Time Build Order
Export as new Build Order

Baleine Zerg 

Build Orders: Hatch First 

Get SALT Encoding   

  12  0:10  Drone x2  
  14  0:18  Overlord  
  14  0:48  Drone  
  14  0:49  Drone  
  16  0:51  Hatchery  
  16  0:53  Drone  
  16  1:01  Overlord  
  16  1:19  Drone, Spawning Pool  
  16  2:02  Drone x2  
  16  2:04  Drone  
  20  2:08  Drone  
  20  2:18  Extractor  
  19  2:26  Queen  
  19  2:28  Queen  
  23  2:31  Zergling x2  
  23  2:32  Zergling x2  
  23  2:35  Zergling x2  
  26  2:38  Zergling x2  
  26  2:43  Drone  
  28  2:52  Zergling x2  
  28  3:12  Zergling x4  
  28  3:14  Zergling x6  
  30  3:24  Zergling x2  
  30  3:26  Zergling x2  
  32  3:36  Metabolic Boost  
  31  3:43  Drone x3  
  31  3:44  Drone  
  31  4:00  Zergling x2  
  31  4:01  Zergling x8  
  31  4:24  Drone x4  
  35  4:51  Extractor  
  35  4:52  Drone x2  
  35  5:00  Drone  
  35  5:21  Overlord x5  
  34  5:33  Zergling x6  
  34  5:35  Overlord x3  
  35  5:38  Lair  
  34  5:45  Zergling x4  
  36  5:58  Zergling x8  
  36  6:01  Zergling x8  
  37  6:25  Zergling x4  
  39  6:31  Zergling x6  
  42  6:35  Drone  
  43  6:42  Evolution Chamber  
  43  6:47  Infestation Pit  
  41  6:53  Zergling x2  
  41  6:54  Zergling x6  
  42  6:56  Zergling x8  
  42  6:57  Zergling x2  
  47  7:03  Hatchery  
  45  7:13  Zergling x4  
  45  7:14  Zergling x2  
  37  7:26  Zergling x2  
  37  7:28  Zergling x2  
  39  7:30  Hive  
  39  7:36  Hydralisk Den  
  24  8:05  Hydralisk  
  24  8:06  Hydralisk x4  
  30  8:13  Hydralisk  
  30  8:15  Zergling x2  
  30  8:16  Zergling x2  
  30  8:22  Zergling x2  
  31  8:53  Drone, Queen  
  31  8:54  Drone  
  35  8:57  Drone  
  33  9:06  Drone x2  
  33  9:12  Drone  
  34  9:18  Drone  
  34  9:22  Drone  
  36  9:29  Drone  
  36  9:30  Drone  
  38  9:35  Drone  
  29  9:55  Zergling x8  
  29  9:56  Zergling x4  
  29  9:58  Zergling x4  
  37  10:07  Drone x2  
  37  10:08  Drone  
  37  10:10  Drone  
  41  10:34  Drone x5  
  46  10:42  Extractor  
  45  10:45  Zergling x2  
  45  10:46  Zergling x8  
  45  10:48  Zergling x2  
  51  10:55  Extractor, Zerg Melee Weapons Level 1  
  42  11:11  Hydralisk x4  
  42  11:14  Zergling x6  
  50  11:29  Zergling x2  
Show
View Real Time Build Order
Export as new Build Order

Marchombr Protoss 

Build Orders: Nexus First 

Get SALT Encoding   

  12  0:01  Probe  
  13  0:13  Probe  
  14  0:19  Pylon  
  14  0:25  Probe  
  15  0:37  Probe  
  16  0:49  Probe  
  17  1:02  Nexus  
  17  1:03  Probe  
  18  1:15  Probe  
  19  1:28  Probe  
  20  1:40  Probe  
  20  1:43  Pylon  
  21  1:52  Probe  
  22  2:04  Probe  
  21  2:16  Probe  
  21  2:28  Probe  
  22  2:40  Probe  
  23  2:49  Probe  
  24  2:52  Probe  
  25  2:58  Forge  
  25  3:01  Probe  
  26  3:17  Probe  
  27  3:33  Probe x2 (Chrono Boost)  
  27  3:43  Probe (Chrono Boost)  
  27  3:45  Probe (Chrono Boost)  
  27  3:48  Probe (Chrono Boost)  
  25  3:53  Photon Cannon  
  25  3:55  Photon Cannon  
  21  3:58  Photon Cannon  
  21  3:59  Probe  
  21  4:02  Probe  
  22  4:11  Probe  
  22  4:14  Probe  
  24  4:24  Probe  
  25  4:26  Probe  
  26  4:36  Probe  
  27  4:38  Probe  
  28  4:48  Probe  
  28  4:50  Probe  
  30  5:00  Probe  
  30  5:03  Probe  
  32  5:12  Probe (Chrono Boost)  
  33  5:19  Probe (Chrono Boost)  
  34  5:24  Probe (Chrono Boost)  
  34  5:27  Assimilator  
  36  5:28  Assimilator  
  36  5:29  Probe x2 (Chrono Boost)  
  36  5:33  Gateway  
  37  5:36  Pylon  
  37  5:38  Probe  
  37  5:39  Probe  
  37  5:41  Pylon  
  39  5:50  Probe  
  39  5:51  Probe  
  40  6:03  Probe x2  
  42  6:12  Assimilator  
  42  6:15  Probe  
  42  6:16  Assimilator  
  43  6:20  Gateway  
  43  6:22  Zealot  
  45  6:27  Probe  
  45  6:31  Probe  
  47  6:39  Probe  
  48  6:40  Cybernetics Core  
  48  6:48  Photon Cannon  
  48  6:49  Zealot (Chrono Boost)  
  48  6:52  Photon Cannon  
  50  6:54  Photon Cannon  
  50  6:58  Pylon  
  50  7:01  Pylon  
  50  7:08  Zealot (Chrono Boost)  
  52  7:20  Stargate  
  52  7:28  Probe  
  53  7:38  Zealot (Chrono Boost)  
  53  7:40  Probe  
  54  7:46  Stalker (Chrono Boost)  
  54  7:48  Protoss Air Weapons Level 1  
  58  8:10  Stalker (Chrono Boost)  
  58  8:11  Stalker (Chrono Boost)  
  60  8:27  Void Ray  
  60  8:32  Stalker (Chrono Boost)  
  60  8:34  Stalker (Chrono Boost)  
  64  8:36  Fleet Beacon  
  68  8:58  Stalker  
  68  9:01  Stalker  
  72  9:28  Stalker  
  72  9:31  Stalker  
  60  9:55  Carrier (Chrono Boost)  
  60  9:58  Zealot  
  58  10:01  Zealot  
  66  10:21  Mothership (Chrono Boost)  
  66  10:25  Zealot  
  66  10:28  Zealot  
  78  10:38  Pylon  
  78  10:42  Pylon  
  78  10:44  Pylon  
  78  10:48  Pylon  
  78  10:54  Pylon  
  78  10:56  Zealot x2  
  82  11:07  Photon Cannon  
  82  11:11  Photon Cannon  
  78  11:38  Pylon  
Tags
 
Add a new tag
Caveats
  • Supply blocks, unpowered buildings, or Contaminate may cause inaccurate times.
  • Supply counts are checked every 10 seconds.